 Dungeon Crawl Stone Soup version 0.26-a0-810-ge1a9524b62 (webtiles) character file.

Game seed: 1705286172378053316

105 mandarbmax the Stinger (level 5, 0/35 HPs)
             Began as a Formicid Venom Mage on Nov 13, 2020.
             Was an Initiate of Gozag.
             Succumbed to an adder's poison
             ... on level 3 of the Dungeon.
             The game lasted 00:09:59 (4933 turns).

mandarbmax the Stinger (Formicid Venom Mage)        Turns: 4933, Time: 00:10:00

Health: 0/35       AC: 18    Str: 12    XL:     5   Next: 9%
Magic:  8/8        EV:  3    Int: 16    God:    Gozag
Gold:   125        SH:  0    Dex: 11    Spells: 6/8 levels left

rFire    + . .     SeeInvis +   j - +1 war axe
rCold    . . .     Faith    .   (no shield)
rNeg     . . .     Spirit   .   h - +1 plate armour (curse)
rPois    .         Reflect  .   (helmet unavailable)
rElec    .         Harm     .   (no cloak)
rCorr    .         Rampage  .   (no gloves)
MR       .....                  f - +1 pair of boots
Stlth    ..........             b - amulet of inaccuracy (curse)
HPRegen  0.11/turn              i - ring of protection from fire
MPRegen  0.11/turn              n - +4 ring of protection

@: lethally poisoned (0 -> -12)
A: permanent stasis, dig shafts and tunnels, four strong arms, antennae 3
a: Dig, Shaft Self, Potion Petition, Call Merchant, Bribe Branch, Renounce
Religion


You were on level 3 of the Dungeon.
You worshipped Gozag.
Gozag was aware of your devotion.
You visited 1 branch of the dungeon, and saw 3 of its levels.

You collected 144 gold pieces.
You paid 19 gold pieces to Gozag.

Inventory:

Hand Weapons
 j - a +1 war axe (weapon)
Missiles
 d - 22 poisoned darts (quivered)
Armour
 a - a +0 robe
 f - a +1 pair of boots (worn)
 h - a cursed +1 plate armour (worn)
Jewellery
 b - a cursed amulet of inaccuracy (around neck)
 i - a ring of protection from fire (left hand)
 l - an uncursed amulet of regeneration
 n - a +4 ring of protection (right hand)
Scrolls
 c - a scroll of fog
Potions
 e - a potion of flight


   Skills:
 - Level 3.0 Armour
 - Level 2.0 Dodging
 - Level 2.4 Stealth
 - Level 2.1 Spellcasting
   Level 1.1 Transmutations
 + Level 5.8 Poison Magic


You had 6 spell levels left.
You knew the following spells:

 Your Spells              Type           Power        Failure   Level
b - Poisonous Vapours     Pois/Air       ##....       100%        2

Your spell library contained the following spells:

 Spells                   Type           Power        Failure   Level
 Sting                    Tmut/Pois      ##..         100%        1
 Ignite Poison            Fire/Tmut/Pois #.......     100%        3
 Mephitic Cloud           Conj/Pois/Air  #.......     100%        3
 Olgreb's Toxic Radiance  Pois           ###.....     100%        4


Dungeon Overview and Level Annotations

Branches:
Dungeon (3/15)

Altars:
Gozag


Innate Abilities, Weirdness & Mutations

You cannot be hasted, slowed, berserked, paralysed or teleported.
You can dig through walls and to a lower floor.
Your four strong arms can wield two-handed weapons with a shield.
You have a pair of large antennae on your head. (SInv)


Message History

You are lethally poisoned!
The adder poisons you!
You completely miss the adder.
* * * LOW HITPOINT WARNING * * *
You feel sick. The adder bites you but does no damage.
You completely miss the adder.
* * * LOW HITPOINT WARNING * * *
You feel sick. The adder bites you.
* * * LOW HITPOINT WARNING * * *
You are more poisoned.
The adder poisons you! The adder bites you but does no damage.
You closely miss the adder.
* * * LOW HITPOINT WARNING * * *
You feel sick.
The adder bites you but does no damage. x2
You miss the adder.
* * * LOW HITPOINT WARNING * * *
You feel sick.
The adder bites you but does no damage. x2
You closely miss the adder.
You die...
Your body crumbles into a pile of gold.

*,*******,*,*,*#.................
*,*,,,,,*,*,#,*#....##.###.......
*,,,,,,,,,*{#.*#...###...........
***$,,,,**#,#.####.# ######.#####
***,,,,,###.#....#.######*#.# #.
,,,,,,,,.................##.# ##.
***,,,,,###........#####.##.# #..
*,,,,,* ######.#.# *,*#.# #..
*,,,,,* #@### *,*#.# #.. *,,,,,*
#S#******,,*,* #.# *******
#........*,*,* #.#
#........,,,,###.#
#(.......#,*,#....
*********#(.........*,#.#..
*,,,,,,,,.........#.#,#.##.
*,,,,,,,,.........#...#.##.
*,,,,,,,,.........#...#.##.


You could see an adder.

Vanquished Creatures
  Terence (D:3)
  An adder (D:3)
  2 worms
  4 dart slugs
  2 leopard geckos (D:1)
  A ball python (D:2)
  3 giant cockroaches
  6 goblins
  5 hobgoblins
  4 jackals (D:1)
  2 quokkas
  9 bats
  3 frilled lizards
  6 kobolds
  6 rats
55 creatures vanquished.

Notes
Turn   | Place    | Note
-------+----------+-------------------------------------------
     0 | D:1      | mandarbmax the Formicid Venom Mage began the quest for the
                  | Orb.
     0 | D:1      | Reached XP level 1. HP: 13/13 MP: 3/3
   197 | D:1      | Reached XP level 2. HP: 19/19 MP: 3/5
   201 | D:1      | Learned a level 2 spell: Poisonous Vapours
   350 | D:1      | Reached skill level 5 in Poison Magic
   405 | D:1      | Reached XP level 3. HP: 11/24 MP: 0/6
  1552 | D:1      | Reached skill level 1 in Armour
  2494 | D:2      | Reached XP level 4. HP: 30/30 MP: 7/7
  2515 | D:2      | Found an opulent altar of Gozag.
  2574 | D:2      | Became a worshipper of Gozag Ym Sagoz the Greedy
  3196 | D:2      | Found a faded altar of an unknown god.
  3829 | D:3      | HP: 1/30 [poisoned by an adder]
  4278 | D:3      | Noticed Terence
  4752 | D:3      | Killed Terence
  4901 | D:3      | Reached XP level 5. HP: 12/35 MP: 8/8
  4933 | D:3      | Succumbed to an adder's poison

Illustrated notes

Levels and vault maps discovered:
D:1:      kennysheep_arrival_seaside, layout_loops_ring,
          chequers_serial_rivers_marsh
D:2:      layout_loops_corners, chequers_ecumenical_altar_grove,
          minmay_misc_feat_columns, serial_bayou_pond_d, grunt_gozag_breadcrumbs
D:3:      layout_basic, cheibrodos_sewer_entry_bend, grunt_dithmenos_smoke,
          uniq_terence

Skill      XL: |  1  2  3  4 |
---------------+-------------+-----
Dodging        | 2 |  2.0
Poison Magic   | 5 |  5.8
Armour         | 1 3 |  3.0
Stealth        | |  2.4
Spellcasting   | |  2.1
Transmutations | |  1.1

Action                   |  1- 3 |  4- 6 || total
-------------------------+-------+-------++-------
Melee: Unarmed           |     7 |       ||     7
       Hand axe          |   256 |   175 ||   431
       War axe           |       |   192 ||   192
Throw: Dart              |       |    31 ||    31
 Cast: Sting             |    12 |       ||    12
       Poisonous Vapours |    13 |       ||    13
  Use: Scroll            |     5 |     8 ||    13
       Potion            |     3 |     3 ||     6
Armor: Robe              |     4 |       ||     4
       Plate armour      |   354 |   378 ||   732
Dodge: Dodged            |    67 |    79 ||   146

Table legend: (Time is in decaauts)
 A = Elapsed time spent in this place.
 B = Non-inter-level travel time spent in this place.
 C = Inter-level travel time spent in this place.
 D = Time resting spent in this place.
 E = Time spent auto-exploring this place.
 F = Levels seen in this place.
 G = Mean time per level.
                   A        B        C        D        E       F      G
               +--------+--------+--------+--------+--------+-----+--------+
         Total |   5170 |   5082 |     88 |   1664 |   1944 |   3 | 1723.3 |
       Dungeon |   5170 |   5082 |     88 |   1664 |   1944 |   3 | 1723.3 |
               +--------+--------+--------+--------+--------+-----+--------+

Top non-repeatable levels by time:
     D:1: 2309 daAuts
     D:2: 1932 daAuts
     D:3: 929 daAuts
